 Dungeon Crawl Stone Soup version 0.18.1-48-g4cf74bf (webtiles) character file.

1403 Kisielow the Carver (level 8, -1/70 HPs)
             Began as a Minotaur Fighter on June 25, 2016.
             Killed from afar by an electric eel (12 damage)
             ... with a bolt of electricity
             ... on level 6 of the Dungeon on June 26, 2016.
             The game lasted 00:10:13 (6696 turns).

Kisielow the Carver (Minotaur Fighter)              Turns: 6696, Time: 00:10:14

Health: -1/70      AC: 10    Str: 19    XL:     8   Next: 42%
Magic:  2/2        EV:  6    Int:  5    God:
Gold:   275        SH: 12    Dex: 13    Spells: 0 memorised, 7 levels left

rFire  . . .     SeeInvis .     e - +1 falchion (antimagic)
rCold  . . .     Gourm    .     q - +0 chain mail
rNeg   . . .     Faith    .     c - +2 shield
rPois  .         Spirit   .     (helmet restricted)
rElec  .         Dismiss  .     (no cloak)
rCorr  .         Reflect  .     (no gloves)
SustAt .         Harm     .     (no boots)
MR     .....                    (no amulet)
Stlth  ..........               w - -3 ring of strength (curse)
                                t - +2 ring of dexterity

@: not resistant to hostile enchantments, extremely unstealthy
A: retaliatory headbutt, horns 2
a: no special abilities


You were on level 6 of the Dungeon.
You were not hungry.

You visited 1 branch of the dungeon, and saw 6 of its levels.

You collected 275 gold pieces.

Inventory:

Hand Weapons
 a - a +0 long sword
 e - a +1 antimagic falchion (weapon)
Armour
 c - a +2 shield (worn)
 q - a +0 chain mail (worn)
Jewellery
 t - a +2 ring of dexterity (left hand)
 w - a cursed -3 ring of strength (right hand)
Wands
 m - a wand of random effects (48/48)
Scrolls
 h - a scroll of recharging
 i - 6 scrolls of identify
 p - a scroll of teleportation
 s - a scroll of enchant armour
Potions
 b - a potion of invisibility {unknown}
 d - 3 potions of might
 j - 2 potions of curing
 k - a potion of flight
 o - a potion of lignification
 r - a potion of cure mutation {unknown}
 u - a potion of berserk rage {unknown}
Comestibles
 f - 4 bread rations
 g - 2 meat rations
 l - 2 fruits
 n - a beef jerky


   Skills:
 + Level 6.3 Fighting
 * Level 9.0 Long Blades
 + Level 6.1 Armour
 + Level 6.5 Shields


You had 7 spell levels left.
You didn't know any spells.

Dungeon Overview and Level Annotations

Branches:
Dungeon (6/15)
 Temple: D:4-7

Altars:
Elyvilon
Kikubaaqudgha
Sif Muna
Trog

Shops:
D:5 [


Innate Abilities, Weirdness & Mutations

You reflexively headbutt those who attack you in melee.
You have a pair of horns on your head.


Message History

The bolt of electricity hits you!
The electric eel shoots out a bolt of lightning at you!
The bolt of electricity hits the electric eel.
The electric eel completely resists.
The bolt of electricity hits you! x2
There is an open door here.
You open the large door.
There is a large open door here.
You enter the shallow water.
Moving in this stuff is going to be slow.
An electric eel comes into view.
The electric eel shoots out a bolt of lightning at you!
The bolt of electricity hits you! x2
* * * LOW HITPOINT WARNING * * *
The bolt of electricity hits the electric eel.
The electric eel completely resists.
The electric eel shoots out a bolt of lightning at you!
The bolt of electricity hits you!
* * * LOW HITPOINT WARNING * * *
The bolt of electricity hits you!
You die...

≈≈≈≈≈≈# ≈≈≈≈≈#
≈≈≈≈≈# ≈≈≈≈# #..#
#≈≈≈# .≈#.# #≈≈≈#
≈≈≈;≈## #≈;≈#
≈≈≈#.≈≈# #≈@#
#.###.;## ##≈#
.$.#....#
#####.##
........###....##
........'.'....#
........#.'....#
.$......###....#
...#...≈# #####.#
#.###≈≈≈# #≈#


You could see an electric eel.

Vanquished Creatures
  Eustachio (D:4)
  Menkaure (D:4)
  The ghost of Vincendra the Magician, an amateur DEFE (D:4)
  An orc warrior (D:6)
  A centaur (D:6)
  A phantom (D:5)
  A giant frog (D:4)
  A scorpion (D:4)
  A howler monkey (D:5)
  An electric eel (D:6)
  2 crimson imps
  2 hounds
  A jelly (D:6)
  2 centaur skeletons
  Jessica (D:3)
  An orc wizard (D:4)
  3 worker ants
  A hound skeleton (D:3)
  A howler monkey zombie (D:5)
  2 worker ant zombies (D:3)
  4 adders
  7 gnolls
  2 oozes
  An adder zombie (D:5)
  4 adder skeletons
  3 worms
  3 dart slugs
  8 giant geckos
  5 orcs
  7 giant cockroaches
  5 goblins
  2 hobgoblins
  3 kobolds
  A quokka (D:4)
  3 ball pythons
  7 bats
  A giant cockroach zombie (D:3)
  A giant gecko skeleton (D:3)
  8 giant newts
  2 jackal skeletons (D:3)
  9 rats
112 creatures vanquished.

Notes
Turn   | Place    | Note
--------------------------------------------------------------
     0 | D:1      | Kisielow the Minotaur Fighter began the quest for the Orb.
     0 | D:1      | Reached XP level 1. HP: 19/19 MP: 0/0
   237 | D:1      | Reached skill level 3 in Long Blades
   439 | D:1      | Reached XP level 2. HP: 26/26 MP: 1/1
   778 | D:1      | Reached skill level 4 in Long Blades
   864 | D:2      | Reached XP level 3. HP: 28/31 MP: 2/2
  1220 | D:2      | Reached skill level 5 in Long Blades
  1490 | D:3      | Reached XP level 4. HP: 39/39 MP: 3/3
  1568 | D:3      | Noticed Jessica
  1573 | D:3      | Killed Jessica
  1983 | D:3      | Reached XP level 5. HP: 43/46 MP: 4/4
  2255 | D:3      | Reached skill level 6 in Long Blades
  2845 | D:4      | Noticed Eustachio
  2859 | D:4      | Killed Eustachio
  2859 | D:4      | Reached XP level 6. HP: 48/53 MP: 1/5
  2942 | D:4      | Found an ancient bone altar of Kikubaaqudgha.
  3034 | D:4      | Noticed Vincendra's ghost (amateur DEFE)
  3046 | D:4      | Killed Vincendra's ghost
  3046 | D:4      | Reached skill level 5 in Fighting
  3046 | D:4      | Reached skill level 7 in Long Blades
  3046 | D:4      | Reached skill level 5 in Armour
  3046 | D:4      | Reached skill level 5 in Shields
  3046 | D:4      | Reached XP level 7. HP: 44/61 MP: 2/6
  3252 | D:4      | Found a bloodstained altar of Trog.
  3294 | D:4      | Noticed Menkaure
  3307 | D:4      | Killed Menkaure
  4502 | D:5      | Entered Level 5 of the Dungeon
  4523 | D:5      | Found a deep blue altar of Sif Muna.
  4576 | D:5      | Found Xuixoata's Antique Armour Shop.
  4691 | D:5      | Reached skill level 8 in Long Blades
  4854 | D:5      | Reached XP level 8. HP: 70/70 MP: 2/7
  5687 | D:6      | Found a white marble altar of Elyvilon.
  6082 | D:6      | Reached skill level 9 in Long Blades
  6696 | D:6      | Killed from afar by an electric eel

Skill      XL: |  1  2  3  4  5  6  7  8 |
---------------+-------------------------+-----
Long Blades    | 3 4 5 6 7 8 9 |  9.0
Fighting       | 4 5 6 |  6.3
Shields        | 4 5 6 |  6.5
Armour         | 4 5 6 |  6.1

Action                   |  1- 3 |  4- 6 |  7- 9 || total
-------------------------+-------+-------+-------++-------
Melee: Long sword        |    89 |   119 |       ||   208
       Headbutt          |     8 |    32 |    32 ||    72
       Falchion          |       |    31 |   152 ||   183
  Use: Scroll            |       |     7 |     8 ||    15
       Potion            |       |     1 |     1 ||     2
  Eat: Chunk             |     2 |     4 |     8 ||    14
       Beef jerky        |       |     1 |       ||     1
       Meat ration       |       |       |     1 ||     1
Armor: Scale mail        |    49 |    19 |       ||    68
       Chain mail        |       |    41 |    47 ||    88
Dodge: Dodged            |    27 |    26 |    28 ||    81
Block: Shield            |    52 |    72 |    54 ||   178
